 Dungeon Crawl Stone Soup version 0.21.0-3-g78d12a8 (webtiles) character file.

115 Monsterracer the Chopper (level 5, -4/47 HPs)
             Began as a Hill Orc Chaos Knight on Jan 16, 2018.
             Killed by divine providence
             ... invoked by an orc priest
              (9 damage)
             ... on level 3 of the Dungeon.
             The game lasted 00:02:34 (2194 turns).

Monsterracer the Chopper (Hill Orc Chaos Knight)    Turns: 2194, Time: 00:02:35

Health: -4/47      AC:  6    Str: 16    XL:     5   Next: 0%
Magic:  5/5        EV: 11    Int: 12    God:    Xom [..*...]
Gold:   113        SH:  0    Dex: 10    Spells: 4/4 levels left

rFire    . . .     SeeInvis .   a - +0 hand axe (chaos)
rCold    . . .     Gourm    .   (no shield)
rNeg     . . .     Faith    .   m - +2 leather armour
rPois    .         Spirit   .   i - +0 helmet
rElec    .         Reflect  .   (no cloak)
rCorr    .         Harm     .   (no gloves)
MR       .....                  (no boots)
Stlth    +.........             (no amulet)
HPRegen  0.15/turn              (no ring)
MPRegen  0.09/turn              (no ring)

@: no status effects
A: no striking features
a: Renounce Religion, Convert to Beogh


You were on level 3 of the Dungeon.
You worshipped Xom.
You were a toy of Xom.
You were not hungry.

You visited 1 branch of the dungeon, and saw 3 of its levels.

You collected 113 gold pieces.

Inventory:

Hand Weapons
 a - a +0 hand axe of chaos (weapon)
 b - a +0 flail
Armour
 i - a +0 helmet (worn)
 m - a +2 leather armour (worn)
Scrolls
 e - 2 scrolls of remove curse
Potions
 f - a potion of might
 g - 2 potions of cancellation
 h - 2 potions of curing
 k - a potion of lignification
 l - a potion of invisibility {unknown}
 n - a potion of magic {unknown}
Comestibles
 c - 6 rations
 d - a chunk of flesh


   Skills:
 + Level 4.4 Fighting
 * Level 5.7 Axes
 + Level 3.1 Armour
 + Level 1.4 Dodging


You had 4 spell levels left.
You didn't know any spells.

Dungeon Overview and Level Annotations

Branches:
Dungeon (3/15)

Altars:
Makhleb
Ru
Xom


Message History

The orc wizard shouts!
The orc wizard casts a spell at you.
You are confused.
An orc comes into view. It is wielding a dagger.
The orc wizard casts a spell.
The orc wizard flickers and vanishes!
Deactivating autopickup; reactivate with Ctrl-A.
You bump into the rock wall.
An orc priest comes into view. It is wielding a falchion.
The orc priest threatens, "By the altar or by the axe, you will meet Beogh!" (press Y on the ability menu to convert to Beogh)
The orc priest invokes the aid of Beogh against you.
Beogh smites you!
A shower of butterflies erupts from you!
The rat barely misses you.
The hobgoblin hits you but does no damage.
Found 24 stones.
You take 14 damage, and have 26/40 hp.
MASSIVE DAMAGE!!
Are you sure you want to stumble around while confused and next to your butterfly? [Y]es or [N]o only, please.
Are you sure you want to stumble around while confused and next to your butterfly?
You barely miss the hobgoblin. You barely miss the rat.
You feel less confused.
The orc priest mumbles some strange prayers to Beogh against you.
Beogh smites you!
* * * LOW HITPOINT WARNING * * *
The rat twitches its whiskers.
The rat bites you but does no damage. The hobgoblin hits you with a club.
* * * LOW HITPOINT WARNING * * *
You take 13 damage, and have 13/40 hp.
MASSIVE DAMAGE!!
The hobgoblin barely misses you.
The rat completely misses your butterfly.
The hobgoblin closely misses your butterfly.
The orc priest begins to cast a cantrip, but forgets the words!
A quokka comes into view.
Okay, then.
A rat is nearby!
You barely miss the rat. The rat bites you but does no damage.
You hit the rat.
You kill the rat!
The hobgoblin completely misses you.
You hit the hobgoblin. You burn the hobgoblin.
The hobgoblin is moderately wounded.
The hobgoblin closely misses you.
The hobgoblin completely misses your butterfly.
The orc hits your butterfly with a dagger.
Your butterfly dies!
You hit the hobgoblin. You burn the hobgoblin.
You kill the hobgoblin!
You hit the orc. You burn the orc.
The orc is moderately wounded.
The orc completely misses you.
You closely miss the orc.
The orc is moderately wounded.
You hit the quokka. You burn the quokka.
Your butterfly disappears in a puff of smoke!
The quokka bites you but does no damage.
The orc priest shouts, "Join the one true god or die!"
You hit something. You hit the quokka but do no damage.
The quokka seems to speed up.
Xom is amused.
You hit the orc.
Sparks of electricity dance between the orc's hands.
The quokka bites you but does no damage.
The orc misses you. Something hits you.
* * * LOW HITPOINT WARNING * * *
The quokka closely misses you.
You take 1 damage, and have 14/40 hp.
You barely miss something. You hit the orc.
You kill the orc!
You closely miss the quokka.
Your butterfly disappears in a puff of smoke!
The quokka barely misses you. Something hits you but does no damage.
The quokka bites you but does no damage.
You slash something! You hit the quokka but do no damage.
The quokka suddenly stops moving!
Something hits you but does no damage.
You miss something.
The helpless quokka fails to defend itself.
You slash the quokka! You burn the quokka.
You kill the quokka!
Reactivating autopickup.
You have reached level 5!
You feel stronger.
You feel a bit more experienced.
You regained 3 hp, and now have 17/47 hp.
MP restored: 5 You barely miss the orc priest.
The orc priest mumbles some strange prayers to Beogh against you.
Beogh smites you!
* * * LOW HITPOINT WARNING * * *
You take 9 damage, and have 8/47 hp.
You closely miss the orc priest.
The orc priest hits you with a falchion.
* * * LOW HITPOINT WARNING * * *
You take 3 damage, and have 5/47 hp.
You hit the orc priest.
The orc priest is poisoned.
The orc priest is lightly wounded.
The orc priest shouts, "Join the one true god or die!"
The orc priest calls down the wrath of Beogh upon you.
Beogh smites you!
You die...

...%##..#....
.....#....
.......#..#
....###... #...#
.... ..... #..## ###
###### #...###### #
#o.......###### #
#.######!....>######
####.###
######.......
#....o@# ########
#....†)# #....(.#
#......# ########


You could see an orc priest.

Vanquished Creatures
  An orc wizard (D:3)
  An ooze (D:2)
  A worm (D:3)
  5 dart slugs
  2 leopard geckos
  8 orcs (D:3)
  A ball python (D:3)
  3 goblins
  9 hobgoblins
  10 jackals
  2 quokkas
  5 bats
  2 frilled lizards (D:2)
  A kobold (D:1)
  6 rats
57 creatures vanquished.

Notes
Turn   | Place    | Note
-------+----------+-------------------------------------------
     0 | D:1      | Monsterracer the Hill Orc Chaos Knight began the quest for the Orb.
     0 | D:1      | Reached XP level 1. HP: 19/19 MP: 1/1
    29 | D:1      | XOM: butterfly on damage
    34 | D:1      | HP: 9/20 [bat (1)]
   201 | D:1      | XOM: silly message
   261 | D:1      | Reached XP level 2. HP: 19/27 MP: 2/2
   275 | D:1      | HP: 12/27 [jackal (2)]
   491 | D:1      | XOM: harmless Hex miscast
   688 | D:1      | XOM: divination: detect creatures
   811 | D:1      | Reached XP level 3. HP: 31/33 MP: 3/3
   850 | D:1      | XOM: harmless Tloc miscast
   997 | D:1      | XOM: summons 1 hostile demon
  1006 | D:1      | HP: 14/33 [something (10)]
  1081 | D:2      | XOM: god gift: thin smoking staff {god gift}
  1292 | D:2      | Reached skill level 1 in Dodging
  1296 | D:2      | Reached skill level 5 in Axes
  1463 | D:2      | Found a shimmering altar of Xom.
  1523 | D:2      | XOM: divination: detect creatures
  1573 | D:2      | Found a sacrificial altar of Ru.
  1909 | D:3      | Found a burning altar of Makhleb.
  1910 | D:3      | Reached XP level 4. HP: 36/40 MP: 4/4
  2171 | D:3      | XOM: butterfly on damage
  2172 | D:3      | HP: 16/40 [orc priest/divine providence (10)]
  2188 | D:3      | HP: 14/40 [something (1)]
  2191 | D:3      | Reached XP level 5. HP: 17/47 MP: 5/5
  2193 | D:3      | HP: 5/47 [orc priest/falchion (3)]
  2194 | D:3      | Killed from afar by an orc priest

Skill      XL: |  1  2  3  4 |
---------------+-------------+-----
Fighting       | 4 |  4.4
Dodging        | 1 |  1.4
Axes           | 5 |  5.7
Armour         | 3 |  3.1

Action                   |  1- 3 |  4- 6 || total
-------------------------+-------+-------++-------
Melee: Hand axe          |   111 |    42 ||   153
  Use: Scroll            |       |     6 ||     6
 Stab: Sleeping          |     1 |       ||     1
       Confused          |       |     1 ||     1
       Paralysed         |       |     1 ||     1
  Eat: Chunk             |     3 |     1 ||     4
Armor: Leather armour    |    44 |    16 ||    60
Dodge: Dodged            |    57 |    21 ||    78

Vault maps used:
D:1:      lightli_arrival_maybe_door_vault
D:2:      nicolae_overflow_crystal_walls, xom_butterflies
D:3:      bloody_makhleb
